 Dungeon Crawl Stone Soup version 0.27.0-66-gdc8fb28755 (webtiles) character file.

Game seed: 14097561321504338284

134 ABBCCCDDDD the Ducker (level 5, -9/47 HPs)
             Began as a Gnoll Monk on Aug 19, 2021.
             Was a Priest of Zin.
             Mangled by an ogre (12 damage)
             ... on level 3 of the Dungeon.
             The game lasted 00:04:28 (3558 turns).

ABBCCCDDDD the Ducker (Gnoll Monk)                  Turns: 3558, Time: 00:04:28

Health: -9/47      AC: 10    Str: 10    XL:     5   Next: 17%
Magic:  7/7        EV:  5    Int: 11    God:    Zin [***...]
Gold:   86         SH:  0    Dex: 14    Spells: 6/6 levels left

rFire    . . .     SeeInvis .   k - +0 mace (holy)
rCold    . . .     Faith    .   (no shield)
rNeg     . . .     Spirit   .   m - +2 chain mail {rPois}
rPois    +         Reflect  .   (no helmet)
rElec    .         Harm     .   (no cloak)
rCorr    .         Rampage  .   (no gloves)
Will     .....                  (no boots)
Stlth    ..........             e - amulet of magic regeneration
HPRegen  0.15/turn              (no ring)
MPRegen  0.35/turn              (no ring)

@: no status effects
A: fangs 1, strong nose, distributed training
a: Renounce Religion, Recite, Vitalisation, Imprison, Donate Gold


You were on level 3 of the Dungeon.
You worshipped Zin.
Zin was most pleased with you.
You visited 1 branch of the dungeon, and saw 4 of its levels.

You collected 95 gold pieces.
You donated 9 gold pieces to Zin.

Inventory:

Hand Weapons
 h - a +0 morningstar
 k - a +0 mace of holy wrath (weapon)
Missiles
 a - 3 atropa-tipped darts (quivered)
Armour
 m - a +2 chain mail of poison resistance (worn)
Jewellery
 e - an amulet of magic regeneration (around neck)
Scrolls
 d - a scroll of enchant armour {unknown}
 g - 2 scrolls of blinking {unknown}
 j - 2 scrolls of identify {unknown}
Potions
 f - a potion of ambrosia {unknown}
 i - a potion of magic {unknown}
 l - a potion of brilliance {unknown}


   Skills:
 + Level 6.6 Fighting
 + Level 1.4 Short Blades
 + Level 1.4 Long Blades
 + Level 1.4 Axes
 + Level 6.6 Maces & Flails
 + Level 1.4 Polearms
 + Level 1.4 Staves
 + Level 1.4 Slings
 + Level 1.4 Bows
 + Level 1.4 Crossbows
 + Level 1.4 Throwing
 + Level 1.4 Armour
 + Level 6.6 Dodging
 + Level 4.3 Stealth
 + Level 1.4 Shields
 + Level 1.4 Unarmed Combat
 + Level 1.4 Spellcasting
 + Level 1.1 Conjurations
 + Level 1.1 Hexes
 + Level 1.1 Summonings
 + Level 1.1 Necromancy
 + Level 1.1 Translocations
 + Level 1.1 Transmutations
 + Level 1.1 Fire Magic
 + Level 1.1 Ice Magic
 + Level 1.1 Air Magic
 + Level 1.1 Earth Magic
 + Level 1.1 Poison Magic
 + Level 1.5 Invocations
 + Level 1.4 Evocations


You had 6 spell levels left.
You didn't know any spells.
Your spell library contained the following spells:

 Spells                   Type           Power      Damage    Failure   Level
 Corona                   Hex            3%         N/A       100%        1
 Ensorcelled Hibernation  Hex/Ice        6%         N/A       100%        2
 Gell's Gravitas          Tloc           1%         N/A       100%        3
 Lesser Beckoning         Tloc           1%         N/A       100%        3
 Teleport Other           Tloc           3%         N/A       100%        3
 Tukima's Dance           Hex            3%         N/A       100%        3


Dungeon Overview and Level Annotations

Branches:
Dungeon (4/15)
 Temple: D:4-7

Altars:
Trog
Zin

Shops:
D:1 [

Annotations:
D:4 Ijyb


Innate Abilities, Weirdness & Mutations

You have very sharp teeth.
Your uncanny sense of smell can sniff out nearby items.
Your experience applies equally to all skills.


Message History

The orc shouts!
Ijyb hits you but does no damage.
You climb upwards.
There is a stone staircase leading down here.
There is an open door here.
There is an open door here.
There is a stone staircase leading down here.
You climb downwards.
Level annotation: Ijyb
There is a stone staircase leading up here.
Things that are here:
a +0 leather armour; a +0 short sword; an orc skeleton The ogre shouts!
Things that are here:
a +0 leather armour; a +0 short sword; an orc skeleton
There is a stone staircase leading up here.
The ogre hits you with a +0 giant spiked club!!
You climb upwards.
There is a stone staircase leading down here.
Things that are here:
a +0 ring mail; a +0 mace
There is an open door here.
Throw: 4 darts (atropa)
Press: ? - help, Q - select action, (/) - cycle Shift-Dir - straight line, f - ogre
Aim: an ogre, wielding a +0 giant spiked club (76% to hit, chance to blind on hit: 58%)
You throw an atropa-tipped dart. The atropa-tipped dart hits the ogre.
The ogre appears confused.
You sock the ogre!
The ogre is moderately wounded.
The ogre seems less confused.
The ogre hits you with a +0 giant spiked club!
You hit the ogre.
The ogre is moderately wounded.
You sock the ogre!
The ogre is severely wounded.
The ogre is no longer blind.
The ogre hits you with a +0 giant spiked club!!
* * * LOW HITPOINT WARNING * * *
The ogre hits you with a +0 giant spiked club!
You die...

#.##........#.# #.##.##.#####.#
###.##.#.)......###########
.......#..#####.......(...#
###.#..#.....<#.#########.#
###.#..#.######.# #.#
....#..#........# #.#
.####..##################.#
................@.........#
###############..O.....#######
.............................####
................................>
##.########.#..........#####.####
#.# #.#.....###### #.# #.#####
#.#.....# #.# #.....# #.#.....#
#.# ##....# #.#.....# #.#


You could see an ogre.

Levels and vault maps discovered:
D:1:      erik_arrival_triangle_medium, layout_rooms, serial_shops, shop,
          hellmonk_ecumenical_altar_pennies_from_heaven, grunt_decor_one_mirror
D:2:      minmay_general_purpose_star, layout_loops_ring
D:3:      layout_basic, mainiacjoe_overflow_catwalk
D:4:      layout_basic, minmay_temple_entry_proselytizer, minmay_small_thing,
          uniq_robin, uniq_ijyb

Notes
Turn   | Place    | Note
-------+----------+-------------------------------------------
     0 | D:1      | ABBCCCDDDD the Gnoll Monk began the quest for the Orb.
     0 | D:1      | Reached XP level 1. HP: 23/23 MP: 1/1
    35 | D:1      | Found Murhusut's Armour Boutique.
   107 | D:1      | Reached XP level 2. HP: 20/29 MP: 2/2
   298 | D:1      | Found a faded altar of an unknown god.
   314 | D:1      | Became a worshipper of Zin the Law-Giver
   314 | D:1      | Reached * piety under Zin
   314 | D:1      | Reached ** piety under Zin
   609 | D:1      | Reached XP level 3. HP: 34/35 MP: 3/3
   655 | D:1      | Reached *** piety under Zin
   824 | D:2      | Reached skill level 1 in Invocations
   872 | D:2      | Reached skill level 1 in Short Blades
   872 | D:2      | Reached skill level 1 in Long Blades
   872 | D:2      | Reached skill level 1 in Axes
   872 | D:2      | Reached skill level 1 in Polearms
   872 | D:2      | Reached skill level 1 in Staves
   872 | D:2      | Reached skill level 1 in Slings
   872 | D:2      | Reached skill level 1 in Bows
   872 | D:2      | Reached skill level 1 in Crossbows
   872 | D:2      | Reached skill level 1 in Throwing
   872 | D:2      | Reached skill level 1 in Armour
   872 | D:2      | Reached skill level 1 in Shields
   872 | D:2      | Reached skill level 1 in Unarmed Combat
   872 | D:2      | Reached skill level 1 in Spellcasting
   872 | D:2      | Reached skill level 1 in Evocations
  1045 | D:2      | Reached XP level 4. HP: 41/41 MP: 5/5
  2221 | D:3      | Reached skill level 1 in Conjurations
  2221 | D:3      | Reached skill level 1 in Hexes
  2221 | D:3      | Reached skill level 1 in Summonings
  2221 | D:3      | Reached skill level 1 in Necromancy
  2221 | D:3      | Reached skill level 1 in Translocations
  2221 | D:3      | Reached skill level 1 in Transmutations
  2221 | D:3      | Reached skill level 1 in Fire Magic
  2221 | D:3      | Reached skill level 1 in Ice Magic
  2221 | D:3      | Reached skill level 1 in Air Magic
  2221 | D:3      | Reached skill level 1 in Earth Magic
  2221 | D:3      | Reached skill level 1 in Poison Magic
  2359 | D:3      | Found a bloodstained altar of Trog.
  2819 | D:4      | Noticed an ogre
  2832 | D:4      | Noticed Ijyb
  3062 | D:3      | Zin protects you from harm!
  3063 | D:3      | HP: 1/41 [orc priest (4)]
  3067 | D:3      | Zin protects you from harm!
  3069 | D:3      | Reached XP level 5. HP: 2/47 MP: 5/7
  3558 | D:3      | Mangled by an ogre

Table legend: (Time is in decaauts)
 A = Elapsed time spent in this place.
 B = Non-inter-level travel time spent in this place.
 C = Inter-level travel time spent in this place.
 D = Time resting spent in this place.
 E = Time spent auto-exploring this place.
 F = Levels seen in this place.
 G = Mean time per level.
                   A        B        C        D        E       F      G
               +--------+--------+--------+--------+--------+-----+--------+
         Total |   3579 |   3411 |    168 |   1005 |   1774 |   4 |  894.8 |
       Dungeon |   3579 |   3411 |    168 |   1005 |   1774 |   4 |  894.8 |
               +--------+--------+--------+--------+--------+-----+--------+

Top non-repeatable levels by time:
     D:3: 1880 daAuts
     D:2: 851 daAuts
     D:1: 783 daAuts
     D:4: 64 daAuts

Table legend:
 A = Kills in this place as a percentage of kills in entire the game.
 B = Kills by you in this place as a percentage of kills by you in the entire game.
 C = Kills by friends in this place as a percentage of kills by friends in the entire game.
 D = Other kills in this place as a percentage of other kills in the entire game.
 E = Experience gained in this place as a percentage of experience gained in the entire game.
 F = Experience gained in this place divided by the number of levels of this place that you have seen.
                   A       B       C       D       E      F
               +-------+-------+-------+-------+-------+----------------------
         Total | 100.0 | 100.0 |   N/A |   N/A | 100.0 |  48.0
       Dungeon | 100.0 | 100.0 |   N/A |   N/A | 100.0 |  48.0
               +-------+-------+-------+-------+-------+----------------------

Action                   |  1- 3 |  4- 6 || total
-------------------------+-------+-------++-------
Melee: Mace              |   126 |    94 ||   220
       Bite              |    10 |    10 ||    20
Throw: Dart              |       |     5 ||     5
Invok: Vitalisation      |     1 |       ||     1
 Stab: Sleeping          |     7 |     1 ||     8
       Invisible         |       |     1 ||     1
Armor: Robe              |     7 |       ||     7
       Ring mail         |    19 |    17 ||    36
       Chain mail        |       |    21 ||    21
Dodge: Dodged            |    80 |    36 ||   116

Vanquished Creatures
  An orc priest (D:3)
  4 adders
  A worm (D:1)
  7 orcs
  6 ball pythons
  3 endoplasms
  A giant cockroach (D:2)
  4 goblins
  5 hobgoblins
  7 jackals (D:1)
  3 kobolds
  A quokka (D:2)
  2 bats (D:2)
  5 frilled lizards
  7 rats (D:1)
57 creatures vanquished.
